 Dungeon Crawl Stone Soup version 0.31-a0-963-ga325b2283a (webtiles) character file.

Game seed: 13158018793736750488

29850 strifetoe the Cleaver (level 13, -11/115 (118) HPs)
             Began as an Armataur Fighter on Oct 25, 2023.
             Was a High Priest of Makhleb.
             Mangled by a two-headed ogre
             ... wielding a +0 giant club
              (19 damage)
             ... on level 2 of the Orcish Mines.
             The game lasted 00:18:03 (13301 turns).

strifetoe the Cleaver (Armataur Fighter)           Turns: 13301, Time: 00:18:05

HP:   -11/115 (118) AC: 15    Str: 34    XL:     13   Next: 17%
MP:   18/18         EV: 11    Int:  9    God:    Makhleb [*****.]
Gold: 582           SH:  6    Dex: 16    Spells: 12/12 levels left

rFire   . . .        A - +6 war axe "Issekup" {flame, Str+2}
rCold   . . .        c - +0 buckler
rNeg    . . .        s - +0 ring mail of the Tick {Dex+2}
rPois   .            t - +1 helmet
rElec   .            B - +0 cloak "Wical" {Dex+4 Slay+2}
rCorr   .            g - +2 pair of gloves
SInv    .            (no barding)
Will    .....        F - amulet of regeneration
Stlth   +            j - +4 ring of slaying
HPRegen 1.19/turn    I - +6 ring of strength
MPRegen 0.16/turn

%: roll
@: mighty, lethally poisoned (-11 -> -35), about to teleport, lightly drained
A: large, rugged brown scales 3, deformed body, armoured tail, roll, long
tongue, awkward tongue
a: Renounce Religion, Minor Destruction, Lesser Servant of Makhleb, Major
Destruction, Greater Servant of Makhleb


You were on level 2 of the Orcish Mines.
You worshipped Makhleb.
Makhleb was extremely pleased with you.
You visited 2 branches of the dungeon, and saw 14 of its levels.

You collected 862 gold pieces.
You spent 280 gold pieces at shops.

Inventory:

Hand Weapons
 a - a +1 war axe
 A - the +6 war axe "Issekup" (weapon) {flame, Str+2}
   (You found it on level 5 of the Dungeon)

   Str+2:     It affects your strength (+2).
Missiles
 b - a throwing net
Armour
 c - a +0 buckler (worn)
 g - a +2 pair of gloves (worn)
 l - a +0 plate armour
 o - a +0 kite shield
 s - the +0 ring mail of the Tick (worn) {Dex+2}
   (You found it on level 2 of the Dungeon)

   Dex+2:     It affects your dexterity (+2).
 t - a +1 helmet (worn)
 B - the +0 cloak "Wical" (worn) {Dex+4 Slay+2}
   (You acquired it on level 10 of the Dungeon)

   Dex+4:     It affects your dexterity (+4).
   Slay+2:    It affects your accuracy & damage with ranged weapons and melee
   (+2).
Jewellery
 j - a +4 ring of slaying (left hand)
 F - an amulet of regeneration (around neck)
 I - a +6 ring of strength (right hand)
 M - a ring of flight
Wands
 f - a wand of light (4)
 v - a wand of charming (6)
 J - a wand of flame (11)
 K - a wand of iceblast (5)
 L - a wand of polymorph (2)
Scrolls
 k - a scroll of revelation
 n - 2 scrolls of butterflies
 p - 9 scrolls of identify
 r - 3 scrolls of fog
 H - a scroll of enchant weapon
Potions
 d - a potion of might
 i - 6 potions of brilliance
 m - 6 potions of heal wounds
 q - 3 potions of curing
 u - a potion of resistance
 x - a potion of enlightenment {unknown}
 z - a potion of attraction
 C - 3 potions of lignification
 E - a potion of mutation
 G - a potion of cancellation {unknown}


   Skills:
 - Level 9.0 Fighting
 + Level 13.7 Axes
 + Level 10.7 Armour
 - Level 4.8 Dodging
 - Level 5.9 Shields
 + Level 7.0 Invocations


You had 12 spell levels left.
You didn't know any spells.
Your spell library contained the following spells:

 Spells                   Type           Power      Damage    Failure   Level
 Freeze                   Ice            0%         1d3       52%         1
 Sandblast                Erth           0%         2d4       52%         1
 Summon Small Mammal      Summ           0%         N/A       52%         1
 Passwall                 Tmut/Erth      0%         N/A       65%         2
 Call Canine Familiar     Summ           0%         N/A       87%         3
 Dazzling Flash           Conj/Hex       0%         N/A       87%         3
 Frozen Ramparts          Ice            0%         1d1       87%         3
 Hailstorm                Conj/Ice       0%         3d3       87%         3
 Stone Arrow              Conj/Erth      0%         3d7       87%         3
 Tukima's Dance           Hex            0%         N/A       87%         3
 Volatile Blastmotes      Fire/Tloc      0%         2d10      87%         3
 Brom's Barrelling Bould  Conj/Erth      0%         2d3       99%         4
 Fulminant Prism          Conj/Hex       0%         3d5       99%         4
 Iskenderun's Mystic Bla  Conj/Tloc      0%         2d3       99%         4
 Passage of Golubria      Tloc           0%         N/A       99%         4
 Vhi's Electric Charge    Tloc/Air       0%         N/A       99%         4
 Arcjolt                  Conj/Air       0%         1d10      100%        5
 Yara's Violent Unravell  Hex/Tmut       0%         3d3       100%        5
 Plasma Beam              Fire/Air       0%         2x1d10    100%        6
 Starburst                Conj/Fire      0%         6d3       100%        6
 Maxwell's Capacitive Co  Air            0%         ∞         100%        8


Dungeon Overview and Level Annotations

Branches:
Dungeon (12/15)            Temple (0/1) D:6            Lair (0/5) D:8
    Orc (2/2) D:12            Elf (0/3) Orc:2

Altars:
Ashenzari
Cheibriados
Elyvilon
Fedhas
Gozag
Hepliaklqana
Makhleb
Okawaru
Qazlal
Ru
Sif Muna
Trog
Uskayaw
Xom
Zin

Shops:
D:10 *!   D:11 !   Orc:2 (*

Portals:
Abyss: D:8

Annotations:
D:8 2 transporters, Maxmaps's ghost, novice OpSh


Innate Abilities, Weirdness & Mutations

You are completely covered in rugged brown scales. (AC +3, +7% HP)
Armour fits poorly on your strangely shaped body.
You have a long armoured tail.
You roll when moving toward enemies. (Rampage)
Your long tongue fully drains potion bottles. (2x potion effects)
Your tongue gives you trouble enunciating. (1.5x scroll delay)


Message History

You are too injured to fight recklessly!
You slash the orc sorcerer! You burn the orc sorcerer.
You kill the orc sorcerer!
Makhleb accepts your kill.
You feel better.
You slash the two-headed ogre! You burn the two-headed ogre.
You slash the troll! You burn the troll.
You feel very sick.
A nearby fungus withers and dies.
You slash the troll! You burn the troll.
The troll is almost dead.
You slash the two-headed ogre! You burn the two-headed ogre.
You feel sick. The troll bites you!
* * * LOW HITPOINT WARNING * * *
The troll barely misses you. The troll claws you but does no damage.
The orc warrior hits you from afar with a +3 halberd of venom!
* * * LOW HITPOINT WARNING * * *
You are more poisoned.
A warg comes into view.
You block the two-headed ogre's attack.
The two-headed ogre hits you but does no damage.
You feel much better.
You slurp down every last drop of the potion of heal wounds!
You feel very sick.
An orc comes into view. It is wielding a +0 club.
The troll bites you but does no damage. The troll claws you but does no damage.
The troll barely misses you.
The orc warrior hits you from afar with a +0 trident.
The orc warrior hits you from afar with a +3 halberd of venom!!
* * * LOW HITPOINT WARNING * * *
You are lethally poisoned!
The orc warlord roars a battlecry!
Okay, then.
Okay, then.
As you slowly read the scroll of teleportation, it crumbles to dust.
You feel strangely unstable.
* * * LOW HITPOINT WARNING * * *
You feel extremely sick.
The orc warrior no longer looks unusually strong. x3
The two-headed ogre hits you with a +0 giant club!!
You die...

,*,,,.##.#......##
***,,**#.o.......# ,*,,,*
#.#oo.....# ,,,,,* #...o.ho..#
*####** ,,,,,*
*.#..o.o..#*#...P,***
,,,,,***.....oo.$#....PP,,,*
,,,,,,**.#.....o##......,,,***
,,,,,,,*......oO#To...8.,,,,,**
**,,,,,+.....$.#@oP.....,,,,,,*
***,,,,+.......o.)....∩.,,,,,,*
,,,,,,,*........$Po.....,,,,,,*
,,,,,,**...#..#.........,,,,,,*
,,,,,**,...........P....,,,,,,**
,,,,**,,..#...........P.,,,,,,,*
*****,,,,..........#.P..,,,,,,***
,,,,,,,,,..........###..,,,,,,*,*
,,,,,,,,,,,,*,*,,,,**,,,,,,,,,,,,


You could see an orc warlord (strong), 2 orc knights, a two-headed ogre, a
troll, a warg, 10 orc warriors and 2 orcs.

Vanquished Creatures
  An orc warlord (Orc:2)
  An ettin (Orc:2)
  A two-headed ogre (D:11)
  2 orc high priests
  An orc knight (Orc:2)
  2 manticores (D:11)
  A cyclops (D:11)
  2 ugly things
  6 orc sorcerers
  An elephant (D:8)
  2 komodo dragons
  7 trolls
  11 slime creatures
  A vampire (D:10)
  A shadow (D:11)
  2 wraiths
  A ynoxinul (D:10)
  A wyvern (D:7)
  A water elemental (D:11)
  3 yaks (D:9)
  A basilisk (D:12)
  7 vampire mosquitoes (D:12)
  A warg (Orc:2)
  2 acid dragons (D:12)
  A water moccasin (D:5)
  2 sky beasts
  20 orc warriors
  A black bear (D:8)
  3 ice beasts
  10 ogres
  6 centaurs
  A kobold brigand (D:7)
  A gnoll sergeant (D:8)
  9 bullfrogs
  4 scorpions
  6 wights
  17 killer bees
  2 howler monkeys
  8 orc priests
  A jelly (D:6)
  A hound (D:5)
  2 sleepcaps
  2 iguanas
  24 orc wizards
  20 gnolls
  8 adders
  2 shadow imps
  4 white imps
  4 ufetubi
  A worm (D:2)
  5 dart slugs
  78 orcs
  6 bats
  5 endoplasms
  4 giant cockroaches
  6 goblins
  4 hobgoblins
  7 jackals
  4 quokkas
  6 ball pythons
  2 frilled lizards
  13 kobolds
  9 rats
368 creatures vanquished.

Vanquished Creatures (others)
  A centaur (D:7)
  A howler monkey (D:8)
  An orc (D:8)
3 creatures vanquished.

Grand Total: 371 creatures vanquished

Notes
Turn   | Place    | Note
-------+----------+-------------------------------------------
     0 | D:1      | strifetoe the Armataur Fighter began the quest for the Orb.
     0 | D:1      | Reached XP level 1. HP: 19/19 MP: 1/1
   130 | D:1      | Reached skill level 2 in Axes
   152 | D:1      | Reached XP level 2. HP: 26/26 MP: 2/2
   883 | D:1      | Reached XP level 3. HP: 32/32 MP: 3/3
  1033 | D:2      | Reached skill level 3 in Axes
  1285 | D:2      | Reached XP level 4. HP: 37/39 MP: 4/4
  1327 | D:2      | Reached skill level 4 in Axes
  1575 | D:2      | Identified the +0 ring mail of the Tick {Dex+2}
  1756 | D:3      | Found a broken altar of Ashenzari.
  1973 | D:3      | Reached XP level 5. HP: 33/44 MP: 5/5
  2892 | D:4      | Reached skill level 5 in Axes
  2892 | D:4      | Reached XP level 6. HP: 40/53 MP: 6/6
  3675 | D:5      | Entered Level 5 of the Dungeon
  3857 | D:5      | Identified the +6 war axe "Issekup" {flame, Str+2}
  3874 | D:5      | Reached skill level 6 in Axes
  4092 | D:5      | Noticed an ice beast
  4099 | D:5      | Killed an ice beast
  4100 | D:5      | Reached XP level 7. HP: 31/60 MP: 7/7
  4390 | D:5      | Found a burning altar of Makhleb.
  4390 | D:5      | Noticed an Executioner
  4492 | D:5      | Found a snail-covered altar of Cheibriados.
  4650 | D:5      | Found a hide-covered altar of Uskayaw.
  4861 | D:5      | Noticed a neqoxec
  4861 | D:5      | Noticed a neqoxec
  4863 | D:5      | Became a worshipper of Makhleb the Destroyer
  4909 | D:6      | Found a staircase to the Ecumenical Temple.
  4929 | D:6      | Reached skill level 5 in Shields
  4966 | D:6      | HP: 1/59 [wight/+4 morningstar (4)]
  5155 | D:6      | Found an opulent altar of Gozag.
  5155 | D:6      | Found an iron altar of Okawaru.
  5306 | D:6      | Reached XP level 8. HP: 54/70 MP: 8/8
  5439 | D:6      | Reached skill level 5 in Fighting
  5466 | D:6      | Reached skill level 1 in Dodging
  5479 | D:6      | Reached * piety under Makhleb
  5683 | D:6      | Reached skill level 5 in Armour
  6498 | D:7      | Reached XP level 9. HP: 71/79 MP: 9/9
  6601 | D:7      | Reached skill level 7 in Axes
  7101 | D:7      | Reached skill level 11 in Axes
  7101 | D:7      | Reached XP level 10. HP: 97/97 MP: 10/10
  7101 | D:7      | Reached XP level 11. HP: 103/103 MP: 11/11
  7617 | D:8      | Reached skill level 12 in Axes
  7618 | D:8      | Reached ** piety under Makhleb
  7841 | D:8      | Found a transporter.
  7852 | D:8      | Found a sacrificial altar of Ru.
  7930 | D:8      | Found a one-way gate to the infinite horrors of the Abyss.
  7930 | D:8      | Noticed Maxmaps's ghost (novice OpSh)
  7951 | D:8      | Found a transporter.
  8183 | D:8      | Found a shimmering altar of Xom.
  8279 | D:8      | Found a staircase to the Lair.
  8409 | D:8      | Noticed a purple ugly thing
  8412 | D:8      | Killed a purple ugly thing
  8523 | D:8      | Found a stormy altar of Qazlal.
  9130 | D:9      | Reached *** piety under Makhleb
  9317 | D:9      | Found a blossoming altar of Fedhas.
  9387 | D:9      | Reached skill level 1 in Invocations
  9733 | D:10     | Identified the "Yfaaj"
  9733 | D:10     | Entered Level 10 of the Dungeon
  9831 | D:10     | Found Aidgh's Alliterative Armaments.
  9855 | D:10     | Found Curiat's Distillery.
 10003 | D:10     | Noticed a green ugly thing
 10011 | D:10     | Killed a green ugly thing
 10181 | D:10     | Found a hazy altar of Hepliaklqana.
 10284 | D:10     | Found a shimmering blue altar of Sif Muna.
 10301 | D:10     | Found a bloodstained altar of Trog.
 10351 | D:10     | Reached XP level 12. HP: 46/111 MP: 12/14
 10705 | D:10     | Found a glowing silver altar of Zin.
 10768 | D:10     | Identified a scroll of acquirement
 10768 | D:10     | Acquired the +0 cloak "Wical" {Dex+4 Slay+2}
 11024 | D:11     | Found a white marble altar of Elyvilon.
 11239 | D:11     | Noticed a two-headed ogre
 11245 | D:11     | Killed a two-headed ogre
 11747 | D:11     | Found Toufoor's Distillery.
 11755 | D:11     | Bought 2 potions of heal wounds for 140 gold pieces
 11755 | D:11     | Bought a potion of heal wounds for 70 gold pieces
 11755 | D:11     | Bought a potion of heal wounds for 70 gold pieces
 11896 | D:12     | Reached skill level 13 in Axes
 12217 | D:12     | Found a staircase to the Orcish Mines.
 12220 | D:12     | Reached **** piety under Makhleb
 12427 | D:12     | Reached skill level 5 in Invocations
 12928 | IceCv    | Identified the "Dit Wietojo"
 12928 | IceCv    | Identified the "Duczass"
 12928 | Orc:1    | Entered Level 1 of the Orcish Mines
 13021 | Orc:1    | Noticed an orc high priest
 13027 | Orc:1    | Killed an orc high priest
 13027 | Orc:1    | Reached ***** piety under Makhleb
 13184 | Orc:2    | Entered Level 2 of the Orcish Mines
 13192 | Orc:2    | Noticed an orc high priest
 13202 | Orc:2    | Noticed an orc warlord
 13207 | Orc:2    | Killed an orc high priest
 13209 | Orc:2    | Reached skill level 10 in Armour
 13217 | Orc:2    | Killed an orc warlord
 13218 | Orc:2    | Found Paagines's General Store.
 13238 | Orc:2    | Found a staircase to the Elven Halls.
 13241 | Orc:2    | Noticed an ettin
 13249 | Orc:2    | Killed an ettin
 13250 | Orc:2    | Reached XP level 13. HP: 89/118 MP: 17/17
 13279 | Orc:2    | Noticed an orc warlord
 13291 | Orc:2    | Found Ximmic's Antique Weapon Shop.
 13301 | Orc:2    | Mangled by a two-headed ogre

Illustrated notes

Levels and vault maps discovered:
D:1:      psy_arrival_dodecagon, layout_basic, serial_co_window_serial,
          co_window_paths_a, co_window_paths_a, co_window_corner_a,
          co_window_corner_a, co_window_paths_a, co_window_paths_c,
          co_window_broadway_c, co_window_corner_cb, co_window_broadway_b,
          co_window_corner_b, co_window_paths_d, glass_columns_a,
          glass_columns_c, glass_columns_a
D:2:      layout_rooms, nicolae_elevator_lobby_plus
D:3:      layout_basic, nicolae_ashenzari_skybound, kennysheep_generic_room_9
D:4:      layout_cave_pods
D:5:      layout_loops_ring, makhleb_altar_promises_db,
          nicolae_overflow_squiral, minmay_misc_feat_encased,
          supply_closet_lemuel, grunt_ministairs_15, serial_bayou_pond_a
D:6:      layout_basic, gammafunk_temple_overflow_pools,
          minmay_temple_entry_grid
D:7:      layout_loops_ring, centaur_isle
D:8:      layout_basic, xom_confusion_cloud,
          nicolae_ru_great_annihilating_truth, nicolae_qazlal_style_of_elements,
          grunt_lair_entry_orc_guard_hut, gammafunk_ghost_abyssal_escape,
          minmay_microvault
D:9:      layout_basic, mainiacjoe_overflow_six_doors_small
D:10:     layout_irregular_city, nzn_overflow_gifts_of_might_and_magic,
          worldfamousw_hep_ancestral_shrine, mainiacjoe_overflow_alcove_1,
          serial_shops, shop, monkooky_shop_alliterative
D:11:     layout_cave_pods, serial_shops, shop, nicolae_elyvilon_temple_path
D:12:     layout_long_grid, hiddenorc2_lemuel
Orc:1:    hellmonk_paralyzer, layout_diamond_mine, basic_altar
Orc:2:    grunt_orc_gardens, layout_caves, grunt_orc_garden, grunt_orc_garden,
          grunt_orc_garden, grunt_orc_garden, gauntlet_entry_generic,
          minmay_orc_treasury, uniq_saint_roka

Skill      XL: |  1  2  3  4  5  6  7  8  9 10 11 12 13 |
---------------+----------------------------------------+-----
Axes           | 2 3 4 5 6 11 12 13 | 13.7
Fighting       | 3 4 5 9 |  9.0
Shields        | 5 |  5.9
Armour         | 5 6 7 10 | 10.7
Dodging        | 2 3 4 |  4.8
Invocations    | 2 6 7 |  7.0

Action                     |  1- 3 |  4- 6 |  7- 9 | 10-12 | 13-15 || total
---------------------------+-------+-------+-------+-------+-------++-------
  Melee: War axe           |    95 |   163 |   148 |   365 |    28 ||   799
         Tailslap          |    13 |    14 |    12 |    49 |     4 ||    92
  Evoke: Wand              |       |       |     1 |     7 |       ||     8
    Use: Potion            |       |     1 |     5 |     3 |     1 ||    10
         Scroll            |       |       |    19 |     4 |     1 ||    24
   Stab: Invisible         |       |       |     2 |     1 |       ||     3
         Confused          |       |       |       |     1 |       ||     1
 Armour: Scale mail        |    81 |    11 |       |       |       ||    92
         Ring mail         |       |   190 |   117 |   291 |    22 ||   620
  Dodge: Dodged            |    41 |    61 |    57 |   152 |    14 ||   325
  Block: Buckler           |    12 |     4 |    49 |    76 |     5 ||   146
         Kite shield       |       |    58 |       |       |       ||    58

Table legend: (Time is in decaauts)
 A = Elapsed time spent in this place.
 B = Non-inter-level travel time spent in this place.
 C = Inter-level travel time spent in this place.
 D = Time resting spent in this place.
 E = Time spent auto-exploring this place.
 F = Levels seen in this place.
 G = Mean time per level.
                   A        B        C        D        E       F      G
               +--------+--------+--------+--------+--------+-----+--------+
         Total |  13381 |  12884 |    497 |   1887 |   8873 |  14 |  955.8 |
       Dungeon |  13038 |  12542 |    496 |   1881 |   8677 |  12 | 1086.5 |
  Orcish Mines |    342 |    342 |      0 |      6 |    196 |   2 |  171.0 |
               +--------+--------+--------+--------+--------+-----+--------+

Top non-repeatable levels by time:
     D:6: 1460 daAuts
     D:8: 1401 daAuts
     D:7: 1275 daAuts
     D:5: 1242 daAuts
     D:4: 1178 daAuts
    D:10: 1164 daAuts
    D:12: 1092 daAuts
     D:1: 1045 daAuts
     D:3: 917 daAuts
    D:11: 912 daAuts
     D:9: 725 daAuts
     D:2: 622 daAuts
   Orc:1: 253 daAuts
   Orc:2: 89 daAuts
